AoeStats
← DrJet

MegaRandom

510010210Analyzed
4v4 RM · 4d ago on Sep 29, 2026· 43m 24s· 8 players
Game mode
Random Map
Map size
Large (8 player)
Population
200
Speed
Normal
Resources
Standard
Victory
Conquest
Starting age
Dark Age
Ending age
Imperial Age
RankedLock teamsTeams togetherTeam positionsShared explorationLock speedFull tech treeHidden civsTurbo modeCheats
Victory
Defeat
🇲🇽 Varangians · Mexico
1323
+13
🇺🇸 Cumans · United States
1261
+15
🇨🇴 Mongols · Colombia
1214
+17
🇲🇽 Saxons · Mexico
1110
+22
🇧🇷 Burgundians · Brazil
1297
-19
🇲🇽 Italians · Mexico
1243
-17
🇲🇽 Persians · Mexico
1242
-17
🇺🇸 Cumans · United States
1178
-14
El Fantasma de Pancho Villa
1:04 Loom
11:17 Feudal Age
17:11 Wheelbarrow
16:27 Double-Bit Axe
21:37 Castle Age
23:41 Hand Cart
27:52 Imperial Age
26:02 Scale Barding Armor
27:02 Bloodlines
28:28 Chain Barding Armor
29:49 Forging
31:08 Plate Barding Armor
32:36 Iron Casting
[GMEX] | The_Spartako
5:21 Loom
12:13 Feudal Age
13:18 Double-Bit Axe
14:59 Fletching
18:08 Horse Collar
20:04 Padded Archer Armor
24:11 Castle Age
22:49 Gold Mining
25:04 Bodkin Arrow
25:24 Leather Archer Armor
27:04 Crossbowman
27:49 Thumb Ring
28:05 Bow Saw
29:55 Wheelbarrow
30:37 Ballistics
31:17 Heavy Plow
35:04 Imperial Age
32:37 Stone Mining
35:23 Hand Cart
35:10 Arbalester
35:52 Bracer
36:23 Ring Archer Armor
37:26 Chemistry
36:11 Treadmill Crane
36:22 Arbalester
37:07 Town Watch
39:10 Town Patrol
42:19 Murder Holes
42:34 Masonry
Boywars
6:06 Loom
11:46 Feudal Age
15:58 Castle Age
15:38 Forging
16:47 Husbandry
18:20 Double-Bit Axe
23:03 Bow Saw
26:11 Iron Casting
25:42 Scale Barding Armor
26:44 Stone Mining
26:44 Gold Mining
27:18 Horse Collar
28:32 Bloodlines
34:21 Gold Shaft Mining
33:40 Fletching
36:27 Kamandaran
41:28 Imperial Age
41:44 Imperial Age
42:34 Chain Barding Armor
DrJet
10:57 Feudal Age
15:03 Castle Age
13:45 Stone Mining
14:14 Double-Bit Axe
16:05 Loom
22:32 Wheelbarrow
29:47 Burgundian Vineyards
31:20 Horse Collar
34:38 Bow Saw
36:52 Coinage
39:28 Two-Man Saw
38:34 Heavy Plow
39:31 Hand Cart
40:29 Crop Rotation
VZ | TheeChosen
8:09 Loom
10:40 Feudal Age
11:11 Double-Bit Axe
11:06 Horse Collar
12:09 Wheelbarrow
18:01 Gold Mining
18:01 Stone Mining
19:52 Stone Mining
26:44 Castle Age
27:19 Bloodlines
27:15 Scale Barding Armor
27:20 Forging
28:07 Bow Saw
29:02 Chain Barding Armor
29:19 Heavy Plow
30:05 Iron Casting
29:11 Light Cavalry
32:27 Imperial Age
30:54 Gold Shaft Mining
33:55 Plate Barding Armor
34:20 Blast Furnace
34:06 Conscription
34:00 Elite Steppe Lancer
35:42 Two-Man Saw
35:22 Crop Rotation
34:55 Murder Holes
36:22 Two-Man Saw
35:45 Steppe Husbandry
35:18 Hussar
36:52 Hand Cart
36:22 Town Watch
38:27 Fletching
38:41 Padded Archer Armor
41:26 Town Watch
42:44 Hoardings
[ Wildpigs ] RonRon
10:11 Feudal Age
12:19 Man-at-Arms
17:32 Castle Age
16:36 Forging
16:27 Scale Mail Armor
33:07 Iron Casting
34:57 Loom
42:22 Pikeman
yaggcris
4:12 Loom
11:47 Feudal Age
13:03 Double-Bit Axe
15:04 Horse Collar
21:59 Castle Age
20:13 Fletching
20:46 Padded Archer Armor
22:13 Wheelbarrow
22:12 Gold Mining
22:17 Stone Mining
23:38 Bow Saw
26:42 Ballistics
27:35 Bodkin Arrow
29:55 Leather Archer Armor
32:36 Heavy Plow
36:04 Hand Cart
36:38 Thumb Ring
43:50 Imperial Age
[ Wildpigs ] Er
7:29 Loom
10:30 Feudal Age
13:46 Bloodlines
16:04 Double-Bit Axe
19:08 Castle Age
19:06 Horse Collar
19:26 Gold Mining
19:55 Forging
20:58 Husbandry
30:02 Fletching
38:30 Wheelbarrow
45:16 Imperial Age
Connection lost

Rejoining the realm…

Still unreachable

The connection could not be restored.

Session expired

The server has moved on; the page needs a fresh start.